 Dungeon Crawl Stone Soup version 0.31-a0-271-gb88eb75 (webtiles) character file.

Game seed: 12498852754536938403

23 Dawnplanks the Sneak (level 3, -1/21 HPs)
             Began as a Kobold Brigand on July 14, 2023.
             Slain by Sigmund
             ... wielding a +0 scythe
              (11 damage)
             ... on level 2 of the Dungeon.
             The game lasted 00:02:04 (1049 turns).

Dawnplanks the Sneak (Kobold Brigand)               Turns: 1049, Time: 00:02:04

Health: -1/21      AC:  4    Str:  8    XL:     3   Next: 10%
Magic:  3/3        EV: 14    Int: 12    God:
Gold:   70         SH:  0    Dex: 18    Spells: 2/2 levels left

rFire   . . .        a - +2 dagger
rCold   . . .        (no shield)
rNeg    . . .        b - +0 robe
rPois   .            i - +0 helmet
rElec   .            c - +0 cloak
rCorr   .            (no gloves)
SInv    .            (no boots)
Will    .....        (no amulet)
Stlth   ++++         (no ring)
HPRegen 0.23/turn    (no ring)
MPRegen 0.08/turn

%: no passive effects
@: no status effects
A: small, no large weapons, nightstalker 3, mutation resistance 1, wild magic 1,
MP-powered wands
a: no special abilities


You were on level 2 of the Dungeon.
You visited 1 branch of the dungeon, and saw 2 of its levels.

You collected 70 gold pieces.

Inventory:

Hand Weapons
 a - a +2 dagger (weapon)
Missiles
 d - 9 poisoned darts
Armour
 b - a +0 robe (worn)
 c - a +0 cloak (worn)
 i - a +0 helmet (worn)
Scrolls
 g - a scroll of vulnerability {unknown}
 h - a scroll of enchant armour {unknown}
 l - 2 scrolls of identify {unknown}
 m - a scroll of blinking {unknown}
 n - a scroll of teleportation {unknown}


   Skills:
 + Level 2.2 Fighting
 * Level 3.0 Short Blades
 + Level 2.3 Throwing
 + Level 1.2 Dodging
 + Level 6.3 Stealth


You had 2 spell levels left.
You didn't know any spells.
Your spell library contained the following spells:

 Spells                   Type           Power      Damage    Failure   Level
 Manifold Assault         Tloc           0%         N/A       98%         4
 Dispersal                Tloc           0%         N/A       100%        6
 Disjunction              Tloc           0%         N/A       100%        8


Dungeon Overview and Level Annotations

Branches:
Dungeon (2/15)

Altars:

Annotations:
D:2 Sigmund


Innate Abilities, Weirdness & Mutations

You are small and have problems with some larger weapons.
You are completely attuned to the shadows.
You are somewhat resistant to further mutation.
Your spells are a little harder to cast, but a little more powerful.
You expend magic power (3 MP) to strengthen your wands.


Message History

Deactivating autopickup; reactivate with Ctrl-A.
The adder misses you.
You closely miss the adder.
You feel sick. Something hits you! The adder bites you but does no damage.
You're too confused to move!
You feel less invigorated.
You feel sick. The adder bites you but does no damage.
You closely miss the adder. Something hits you. The adder misses you.
Unknown command.
It was a potion of curing.
You feel better. The adder bites you.
You are poisoned.
The adder poisons you! Something hits you but does no damage.
The adder bites you but does no damage.
It was a potion of mutation.
You feel extremely strange.
You feel your magical essence link to the dungeon's wands.
You feel less in control of your magic.
You feel genetically stable.
You feel sick. The adder misses you.
It was a potion of heal wounds.
You feel much better.
You feel sick. Something hits you but does no damage. The adder misses you.
You hit the adder. Your punch misses the adder.
The adder is lightly wounded.
You feel sick. The adder bites you. Something hits you but does no damage.
You feel sick. The adder bites you but does no damage. The adder bites you.
You feel sick. The adder attacks as you move away!
The adder closely misses you.
You feel sick.
You are no longer poisoned.
You closely miss the adder.
The adder is lightly wounded.
The adder misses you.
You hit the adder.
The adder is heavily wounded.
The adder bites you but does no damage. Something hits you.
You hit the adder.
The adder is almost dead.
The adder bites you but does no damage.
You hit the adder.
You kill the adder!
Something hits you!
Ouch! That really hurt!
You die...

##.###..###
########...##.....
#.†......#....###.
#.######...##.#
#.# #...###.# #.#
#.......# #.#
######..###. #.#
#...... #@#
#..###. ###.###
###..# #.......
......# #.######
####.## #........
#.# ..##.##.. ...
. .(. . ##. ###


There were no monsters in sight!

Vanquished Creatures
  An adder (D:2)
  A dart slug (D:2)
  2 endoplasms (D:2)
  A giant cockroach (D:1)
  5 goblins
  A hobgoblin (D:2)
  4 bats
  A frilled lizard (D:2)
  2 kobolds (D:1)
  2 rats (D:1)
20 creatures vanquished.

Notes
Turn   | Place    | Note
-------+----------+-------------------------------------------
     0 | D:1      | Dawnplanks the Kobold Brigand began the quest for the Orb.
     0 | D:1      | Reached XP level 1. HP: 12/12 MP: 1/1
   411 | D:1      | Reached XP level 2. HP: 17/17 MP: 2/2
   601 | D:1      | Reached skill level 6 in Stealth
   744 | D:2      | Found a faded altar of an unknown god.
   978 | D:2      | Reached XP level 3. HP: 21/21 MP: 3/3
  1024 | D:2      | Noticed Sigmund
  1040 | D:2      | Gained mutation: You expend magic power (3 MP) to
                  | strengthen your wands. [potion of mutation]
  1040 | D:2      | Gained mutation: Your spells are a little harder to cast,
                  | but a little more powerful. [potion of mutation]
  1040 | D:2      | Gained mutation: You are somewhat resistant to further
                  | mutation. [potion of mutation]
  1049 | D:2      | Slain by Sigmund

Illustrated notes

Levels and vault maps discovered:
D:1:      dpeg_arrival_snail, layout_basic, hex_intersection
D:2:      layout_loops_ring, dreamdust_ecumenical_altar_statues, uniq_sigmund

Skill      XL: |  1  2  3 |
---------------+----------+-----
Stealth        | 6 |  6.3
Short Blades   | 3 |  3.0
Fighting       | |  2.2
Throwing       | |  2.3
Dodging        | |  1.2

Action                     || total
---------------------------++-------
  Melee: Dagger            ||    42
         Punch             ||     1
  Throw: Dart              ||     3
    Use: Potion            ||     4
   Stab: Sleeping          ||    10
         Distracted        ||     1
 Armour: Robe              ||    12
  Dodge: Dodged            ||    15

Table legend: (Time is in decaauts)
 A = Elapsed time spent in this place.
 B = Non-inter-level travel time spent in this place.
 C = Inter-level travel time spent in this place.
 D = Time resting spent in this place.
 E = Time spent auto-exploring this place.
 F = Levels seen in this place.
 G = Mean time per level.
                   A        B        C        D        E       F      G
               +--------+--------+--------+--------+--------+-----+--------+
         Total |   1042 |   1021 |     21 |      0 |    871 |   2 |  521.0 |
       Dungeon |   1042 |   1021 |     21 |      0 |    871 |   2 |  521.0 |
               +--------+--------+--------+--------+--------+-----+--------+

Top non-repeatable levels by time:
     D:1: 735 daAuts
     D:2: 307 daAuts
